 Dungeon Crawl Stone Soup version 0.31-a0-986-g5e6e4ef867 (webtiles) character file.

Game seed: 9471736634490169325

31283 Dittersdorf the Fighter (level 13, 0/88 HPs)
             Began as a Gargoyle Fighter on Nov 3, 2023.
             Was a High Priest of Okawaru.
             Slain by a polar bear (9 damage)
             ... on level 2 of the Lair of Beasts.
             The game lasted 00:17:18 (13525 turns).

Dittersdorf the Fighter (Gargoyle Fighter)         Turns: 13525, Time: 00:17:18

Health: 0/88       AC: 34    Str: 26    XL:     13   Next: 57%
Magic:  11/13      EV: 16    Int:  8    God:    Okawaru [*****.]
Gold:   752        SH:  8    Dex:  9    Spells: 10/12 levels left

rFire   + . .        A - +2 eveningstar (heavy)
rCold   . . .        c - +0 buckler
rNeg    + . .        G - +2 scale mail {rF+}
rPois   ∞            j - +2 helmet of Charity {rElec Dex-5 SInv}
rElec   +            I - +1 cloak {Will+}
rCorr   .            m - +0 pair of gloves
SInv    +            a - +2 pair of boots "Kogugh" {-Cast Dex+5}
Will    ++...        t - amulet of magic regeneration
Stlth   +            h - +5 ring of evasion
HPRegen 0.34/turn    i - ring of willpower
MPRegen 0.53/turn

%: no spellcasting
@: heroic
A: sickness immunity, AC +9, negative energy resistance 1, electricity
resistance, torment resistance 1, petrification resistance
a: Renounce Religion, Heroism, Finesse, Duel


You were on level 2 of the Lair of Beasts.
You worshipped Okawaru.
Okawaru was extremely pleased with you.
You visited 3 branches of the dungeon, and saw 14 of its levels.
You also visited: Sewer and Gauntlet.

You collected 807 gold pieces.
You spent 55 gold pieces at shops.

Inventory:

Hand Weapons
 A - a +2 heavy eveningstar (weapon)
Armour
 a - the +2 pair of boots "Kogugh" (worn) {-Cast Dex+5}
   (You acquired it on level 4 of the Dungeon)

   Dex+5:     It affects your dexterity (+5).
   -Cast:     It prevents spellcasting.
 c - a +0 buckler (worn)
 j - the +2 helmet of Charity (worn) {rElec Dex-5 SInv}
   (You found it on level 2 of the Dungeon)

   Dex-5:     It affects your dexterity (-5).
   rElec:     It insulates you from electricity.
   SInv:      It lets you see invisible.
 m - a +0 pair of gloves (worn)
 G - a +2 scale mail of fire resistance (worn)
 I - a +1 cloak of willpower (worn)
Magical Staves
 b - a staff of earth
Jewellery
 h - a +5 ring of evasion (left hand)
 i - a ring of willpower (right hand)
 s - the ring "Wefuwky" {rPois Str+3}
   (You found it in a Gauntlet)

   [ring of poison resistance]

   Str+3:     It affects your strength (+3).
   rPois:     It protects you from poison
 t - an amulet of magic regeneration (around neck)
 D - a +4 ring of protection
Wands
 q - a wand of paralysis (18) (quivered)
 v - a wand of light (18)
 x - a wand of flame (36)
 H - a wand of iceblast (4)
Scrolls
 o - 4 scrolls of teleportation
 p - 2 scrolls of blinking
 y - a scroll of fog
 C - a scroll of revelation
 E - a scroll of enchant weapon
Potions
 d - 4 potions of heal wounds
 e - a potion of ambrosia
 f - 2 potions of magic
 g - 7 potions of curing
 k - a potion of mutation
 l - 4 potions of haste
 n - 4 potions of might
 r - a potion of invisibility
 u - 3 potions of lignification {unknown}
 w - a potion of enlightenment
 z - a potion of cancellation
 B - a potion of brilliance


   Skills:
 + Level 13.0(18.0) Fighting
 + Level 11.7(16.7) Maces & Flails
 + Level 13.0(18.0) Armour
 + Level 13.0(18.0) Shields


You had 10 spell levels left.
You knew the following spells:

 Your Spells              Type           Power      Damage    Failure   Level
a - Passwall              Tmut/Erth      0%         N/A       75%         2

Your spell library contained the following spells:

 Spells                   Type           Power      Damage    Failure   Level
 Kiss of Death            Conj/Necr      0%         2d5       61%         1
 Sandblast                Erth           0%         2d4       61%         1
 Lesser Beckoning         Tloc           0%         N/A       75%         2
 Static Discharge         Conj/Air       0%         3-3/arc   75%         2
 Wereblood                Tmut           0%         N/A       75%         2
 Confusing Touch          Hex            0%         N/A       93%         3
 Frozen Ramparts          Ice            0%         1d1       93%         3
 Gell's Gravitas          Tloc           0%         N/A       93%         3
 Stone Arrow              Conj/Erth      0%         3d7       93%         3
 Teleport Other           Tloc           0%         N/A       93%         3
 Airstrike                Air            0%         2d(0-16)  100%        4
 Brom's Barrelling Bould  Conj/Erth      0%         2d3       100%        4
 Dispel Undead            Necr           0%         3d6       100%        4
 Petrify                  Tmut/Erth      0%         N/A       100%        4
 Irradiate                Conj/Tmut      0%         3d11      100%        5
 Metabolic Englaciation   Hex/Ice        0%         N/A       100%        5
 Summon Lightning Spire   Summ/Air       Unusable   N/A       N/A         4

Dungeon Overview and Level Annotations

Branches:
Dungeon (11/15)            Temple (1/1) D:4            Lair (2/5) D:11
 Shoals (0/4) Lair:2        Sewer (visited)         Gauntlet (visited)
  Snake: Lair:2-3    Spider: Lair:2-3       Orc: D:9-12

Altars:
Ashenzari
Cheibriados
Dithmenos
Elyvilon
Fedhas
Gozag
Hepliaklqana
Kikubaaqudgha
Makhleb
Nemelex Xobeh
Okawaru
Qazlal
Ru
Sif Muna
Trog
Uskayaw
Vehumet
Wu Jian
Xom
Yredelemnul
Zin
The Shining One

Shops:
D:5 (   D:6 !

Portals:
Trove: D:11 (give +7 demon whip)

Annotations:
D:8 1 runed translucent door, Runia's ghost, journeyman BaHs


Innate Abilities, Weirdness & Mutations

You are immune to sickness and miasma.
Your stone body is resilient. (AC +9)
You are immune to poison.
You resist negative energy. (rN+)
You are resistant to electric shocks. (rElec)
You are resistant to unholy torment.
You are immune to petrification.


Message History

Okawaru accepts your kill. The yak gores you but does no damage.
Your Armour skill increases to level 13!
You hammer the steam dragon like a gong!!!
You kill the steam dragon!
Okawaru accepts your kill. The yak misses you. The yak barely misses you.
Your Shields skill increases to level 13!
The yak attacks as it pursues you! The yak gores you but does no damage.
You see here a cane toad corpse.
You impale the yak!!
The yak is almost dead.
The yak gores you but does no damage.
You barely miss the yak.
The yak is almost dead.
The yak barely misses you. x2
You barely miss the yak.
The yak is almost dead.
The yak gores you but does no damage.
You hit the yak.
The yak is almost dead.
The yak barely misses you. You block the yak's attack.
You perforate the yak like a sieve!!!
You kill the yak!
Okawaru accepts your kill.
You spit the polar bear like a pig!!!
The polar bear is almost dead.
The polar bear goes berserk!
You block the polar bear's attack. x2
The polar bear closely misses you.
You sock the polar bear!
The polar bear is almost dead.
The polar bear bites you but does no damage.
The polar bear claws you. You block the polar bear's attack.
The polar bear bites you!!
* * * LOW HITPOINT WARNING * * *
The polar bear claws you but does no damage.
The polar bear closely misses you.
You gain the combat prowess of a mighty hero.
The polar bear bites you!
You die...

......#... ......#.~≈.
......#~... ......#...~#
##....##.~..## .
###....##..†.## ...
###....####.(~### #~..#
##........###...####...#
.......†....##..@hSY..#
PP.PP..†......########....
~~~~P................ .
~~~~P................
~~~~P................


PPPPP................ ..................... #.####P.P.##.....#### ##
############# You could see an elephant, a polar bear (berserk) and a water
moccasin.

Vanquished Creatures
  A minotaur (Gauntlet)
  A blizzard demon (Gauntlet)
  A boulder beetle (D:6)
  A hydra (Lair:2)
  A catoblepas (Lair:1)
  A two-headed ogre (D:9)
  Urug (D:11)
  9 death yaks
  A cyclops (D:11)
  2 black mambas (Lair:2)
  A water nymph (Lair:2)
  A gargoyle (D:11)
  5 cane toads
  A rime drake (Lair:2)
  Maggie (D:9)
  4 komodo dragons
  An ice devil (Gauntlet)
  A merfolk (Lair:2)
  2 hornets
  3 meliai (Gauntlet)
  2 polar bears (Lair:2)
  6 blink frogs (Lair:2)
  Sigmund (D:2)
  6 flying skulls (Gauntlet)
  A shadow (D:9)
  A wraith (D:8)
  5 wyverns
  41 yaks
  7 steam dragons
  2 swamp worms (Gauntlet)
  5 vampire mosquitoes (D:10)
  6 water moccasins
  Pargi (Sewer)
  3 orc warriors
  2 black bears
  An ice beast (D:7)
  2 sky beasts
  2 ogres
  3 centaurs
  Blork the orc (D:6)
  3 kobold brigands
  12 bullfrogs
  3 scorpions
  9 killer bees
  5 howler monkeys
  5 electric eels
  3 hounds (D:5)
  A gnoll bouda (D:6)
  3 orc priests
  An iguana (D:6)
  10 orc wizards
  2 sleepcaps (D:7)
  3 gnolls (D:6)
  10 adders
  2 shadow imps
  5 white imps
  2 ufetubi (D:3)
  A worm (D:5)
  26 orcs
  5 bats
  4 endoplasms
  6 giant cockroaches
  5 goblins
  4 hobgoblins
  2 jackals (D:2)
  22 kobolds
  5 quokkas
  3 ball pythons
  7 frilled lizards
  7 rats
313 creatures vanquished.

Notes
Turn   | Place    | Note
-------+----------+-------------------------------------------
     0 | D:1      | Dittersdorf the Gargoyle Fighter began the quest for the
                  | Orb.
     0 | D:1      | Reached XP level 1. HP: 14/14 MP: 1/1
    86 | D:1      | Reached XP level 2. HP: 16/19 MP: 2/2
   390 | D:1      | Found a faded altar of an unknown god.
   679 | D:2      | Identified the +2 helmet of Charity {rElec Dex-5 SInv}
   752 | D:2      | Reached XP level 3. HP: 21/23 MP: 3/3
   892 | D:2      | Noticed Sigmund
   898 | D:2      | Killed Sigmund
   899 | D:2      | Reached XP level 4. HP: 28/30 MP: 4/4
   899 | D:2      | Reached XP level 5. HP: 31/34 MP: 5/5
  1492 | D:3      | Found a large runed translucent door.
  1492 | D:3      | Found a large runed translucent door.
  1504 | D:3      | Found a glowing drain.
  1521 | D:3      | Reached XP level 6. HP: 37/39 MP: 6/6
  1534 | Sewer    | Entered a sewer
  1602 | Sewer    | Noticed Pargi
  1625 | Sewer    | Killed Pargi
  2679 | D:3      | Found a hazy altar of Hepliaklqana.
  2698 | D:3      | Found a sacrificial altar of Ru.
  3167 | D:4      | Identified a scroll of acquirement
  3167 | D:4      | Acquired the +2 pair of boots "Kogugh" {-Cast Dex+5}
  3278 | D:4      | Reached skill level 5 in Armour
  3494 | D:4      | Found a staircase to the Ecumenical Temple.
  3546 | Temple   | Entered the Ecumenical Temple
  3554 | Temple   | Became a worshipper of Warmaster Okawaru
  3612 | D:5      | Entered Level 5 of the Dungeon
  3651 | D:5      | Reached skill level 5 in Fighting
  3651 | D:5      | Reached skill level 5 in Shields
  3711 | D:5      | Reached XP level 7. HP: 44/44 MP: 7/7
  4272 | D:5      | Found Zepumy's Antique Weapon Shoppe.
  4413 | D:5      | Found an ornate altar of the Wu Jian Council.
  5063 | D:6      | Noticed Blork the orc
  5064 | D:6      | Reached * piety under Okawaru
  5096 | D:5      | Reached XP level 8. HP: 12/51 MP: 8/8
  5249 | D:6      | Killed Blork the orc
  5289 | D:6      | Reached skill level 5 in Maces & Flails
  5657 | D:6      | Noticed a boulder beetle
  5706 | D:6      | Killed a boulder beetle
  5706 | D:6      | Reached ** piety under Okawaru
  5707 | D:6      | Reached XP level 9. HP: 54/57 MP: 9/9
  5722 | D:6      | Found Kesar's Distillery.
  5730 | D:6      | Bought a potion of heal wounds for 55 gold pieces
  5939 | D:7      | Reached *** piety under Okawaru
  6066 | D:7      | Identified the +0 leather armour of Neiwog {Int+2}
  6091 | D:7      | Found a glowing golden altar of the Shining One.
  6335 | D:7      | Reached **** piety under Okawaru
  6375 | D:7      | Learned a level 2 spell: Passwall
  6494 | D:7      | Reached XP level 10. HP: 64/64 MP: 10/10
  7079 | D:8      | Found a runed translucent door.
  7079 | D:8      | Noticed Runia's ghost (journeyman BaHs)
  7603 | D:9      | Noticed a two-headed ogre
  7611 | D:9      | Killed a two-headed ogre
  7633 | D:9      | Found a bloodstained altar of Trog.
  7641 | D:9      | Found a hide-covered altar of Uskayaw.
  7708 | D:9      | Reached ***** piety under Okawaru
  8054 | D:8      | Reached XP level 11. HP: 71/71 MP: 11/11
  8255 | D:9      | Noticed Maggie
  8273 | D:9      | Killed Maggie
  8607 | D:10     | Entered Level 10 of the Dungeon
  8751 | D:10     | Reached skill level 10 in Armour
  8774 | D:10     | Reached skill level 10 in Fighting
  8774 | D:10     | Reached skill level 10 in Shields
  9194 | D:11     | Noticed Urug
  9249 | D:11     | Killed Urug
  9249 | D:11     | Received a gift from Okawaru
  9274 | D:11     | Acquired a +1 heavy eveningstar
  9279 | D:11     | Found a staircase to the Lair.
  9280 | D:11     | Noticed a death yak
  9280 | D:11     | Noticed a death yak
  9280 | D:11     | Noticed a death yak
  9281 | D:11     | Noticed a death yak
  9320 | D:11     | Noticed a cyclops
  9335 | D:11     | Killed a cyclops
  9370 | D:11     | Found a portal to a secret trove of treasure.
  9468 | D:11     | Found a gate leading to a gauntlet.
  9483 | Gauntlet | Entered a Gauntlet
  9483 | Gauntlet | Found a transporter.
  9492 | Gauntlet | Found a transporter.
  9495 | Gauntlet | Found a transporter.
  9496 | Gauntlet | Found a transporter.
  9505 | Gauntlet | Found a transporter.
  9507 | Gauntlet | Found a transporter.
  9508 | Gauntlet | Found a transporter.
  9519 | Gauntlet | Found a transporter.
  9520 | Gauntlet | Found a transporter.
  9520 | Gauntlet | Found a transporter.
  9529 | Gauntlet | Found a transporter.
  9531 | Gauntlet | Found a transporter.
  9532 | Gauntlet | Found a transporter.
  9545 | Gauntlet | Found a transporter.
  9546 | Gauntlet | Noticed a blizzard demon
  9905 | Gauntlet | Identified the ring "Wefuwky" {rPois Str+3}
  9919 | Gauntlet | Reached XP level 12. HP: 24/79 MP: 12/12
 10103 | Gauntlet | Killed a blizzard demon
 10117 | Gauntlet | Identified the +1 pair of boots of Xeosm {Drain rPois
                  | Stlth+}
 10128 | Gauntlet | Noticed a minotaur
 10134 | Gauntlet | Killed a minotaur
 10135 | Gauntlet | Reached skill level 10 in Maces & Flails
 10341 | D:11     | Noticed a death yak
 10350 | D:11     | Killed a death yak
 10356 | D:11     | Killed a death yak
 10356 | D:11     | Received a gift from Okawaru
 10363 | D:11     | Killed a death yak
 10374 | D:11     | Killed a death yak
 10379 | D:11     | Killed a death yak
 10948 | D:14     | Identified the "Zeyf"
 10948 | Lair:1   | Entered Level 1 of the Lair of Beasts
 11180 | Lair:1   | Noticed a catoblepas
 11191 | Lair:1   | Killed a catoblepas
 11191 | Lair:1   | Received a gift from Okawaru
 11859 | Lair:1   | Reached XP level 13. HP: 66/86 MP: 13/13
 12679 | Lair:2   | Identified the of Uni Vorac
 12746 | Lair:2   | Received a gift from Okawaru
 13502 | Lair:2   | Received a gift from Okawaru
 13525 | Lair:2   | Slain by a polar bear

Illustrated notes

Levels and vault maps discovered:
D:1:      minmay_arrival_wavy_path, layout_rooms,
          shapermc_ecumenical_altar_mp_ritualfount, minmay_misc_feat_tower,
          minmay_lizard_pond
D:2:      layout_basic, minmay_misc_feat_four_crosses, uniq_sigmund
D:3:      layout_loops_ring, jmf_multi_god_temple2, gup_sewer_entry_glass,
          serial_aquarium, aquarium_bridge_straight [aquarium_subvault_bridge,
          aquarium_subvault_window, aquarium_subvault_bridge,
          aquarium_subvault_wall], aquarium_window_1, aquarium_window_1,
          aquarium_window_fake, aquarium_window_2, aquarium_view_2g,
          aquarium_view_2c, aquarium_balcony_3b, aquarium_pool_1
D:4:      layout_loops_corners, minmay_temple_entry_enclosed_plants,
          minmay_misc_feat_diagonals, kennysheep_small_circle
D:5:      layout_layer_cave, mainiacjoe_overflow_cross_hatched, serial_shops,
          nicolae_shop_hallway_plus
D:6:      layout_gridville, serial_shops, shop, chequers_serial_rivers_micro_d,
          nicolae_twisty_statue_hallways, uniq_blork_the_orc
D:7:      layout_basic, tso_metal_star
D:8:      layout_basic, hellmonk_ghost_big_iron
D:9:      cheibrodos_steamvent, layout_irregular_city,
          grunt_temple_overflow_open, uniq_maggie
D:10:     layout_rooms
D:11:     layout_gridville, dpeg_lair_monsters, gauntlet_entry_generic,
          nicolae_trove_entry_crossroad, uniq_urug
Temple:   lightli_temple_of_artemis
Lair:1:   layout_layer_cave, serial_forest, infiniplex_forest_diagonal,
          infiniplex_forest_clump_C, infiniplex_forest_clump_medium,
          infiniplex_forest_clump_double, infiniplex_forest_lined_3,
          infiniplex_forest_side_room, infiniplex_forest_zigzag_1,
          serial_bayou_lake_a
Lair:2:   layout_gridlike, nicolae_shoals_entry_flooding, st_stairs_3,
          dreamdust_mushroom_princess, nzn_random_ring, lemuel_fruit_fields

Skill      XL: |  1  2  3  4  5  6  7  8  9 10 11 12 13 |
---------------+----------------------------------------+-----
Fighting       | 4 5 7 8 9 10 12 13 | 13.0
Maces & Flails | 3 4 6 7 8 9 11 | 11.7
Armour         | 4 5 7 8 9 10 12 13 | 13.0
Shields        | 4 5 7 8 9 10 12 13 | 13.0

Action                     |  1- 3 |  4- 6 |  7- 9 | 10-12 | 13-15 || total
---------------------------+-------+-------+-------+-------+-------++-------
  Melee: Flail             |    85 |   124 |       |       |       ||   209
         Whip              |       |    46 |   293 |   414 |       ||   753
         Eveningstar       |       |       |       |   216 |   167 ||   383
 Invoke: Heroism           |       |       |       |    10 |     3 ||    13
  Evoke: Wand              |     3 |     1 |    11 |    21 |       ||    36
    Use: Scroll            |     3 |     8 |     6 |     4 |     4 ||    25
         Potion            |       |     1 |       |       |       ||     1
   Stab: Paralysed         |       |       |    24 |       |       ||    24
         Petrified         |       |       |       |     2 |       ||     2
 Armour: Scale mail        |    55 |     1 |       |   104 |   183 ||   343
         Chain mail        |       |   149 |   163 |   412 |       ||   724
  Dodge: Dodged            |    85 |   204 |   159 |   415 |   192 ||  1055
  Block: Buckler           |    18 |    61 |    57 |   202 |    84 ||   422

Table legend: (Time is in decaauts)
 A = Elapsed time spent in this place.
 B = Non-inter-level travel time spent in this place.
 C = Inter-level travel time spent in this place.
 D = Time resting spent in this place.
 E = Time spent auto-exploring this place.
 F = Levels seen in this place.
 G = Mean time per level.
                   A        B        C        D        E       F      G
               +--------+--------+--------+--------+--------+-----+--------+
         Total |  13604 |  13104 |    500 |   1604 |   8547 |  16 |  850.2 |
       Dungeon |   9697 |   9244 |    453 |    602 |   6577 |  11 |  881.5 |
        Temple |     16 |      2 |     14 |      0 |      0 |   1 |   16.0 |
          Lair |   2716 |   2683 |     33 |    330 |   1758 |   2 | 1358.0 |
         Sewer |    317 |    317 |      0 |    119 |     92 |   1 |  317.0 |
      Gauntlet |    856 |    856 |      0 |    553 |    119 |   1 |  856.0 |
               +--------+--------+--------+--------+--------+-----+--------+

Top non-repeatable levels by time:
  Lair:1: 1802 daAuts
     D:5: 1583 daAuts
     D:9: 1042 daAuts
     D:3: 987 daAuts
  Lair:2: 913 daAuts
     D:2: 898 daAuts
    D:11: 895 daAuts
     D:4: 889 daAuts
     D:7: 865 daAuts
Gauntlet: 856 daAuts
     D:8: 719 daAuts
     D:6: 684 daAuts
     D:1: 596 daAuts
    D:10: 534 daAuts
   Sewer: 317 daAuts
